 Dungeon Crawl Stone Soup version 0.22.0-49-gab54619 (webtiles) character file.

3612 harcile the Carver (level 10, -1/88 HPs)
             Began as a Hill Orc Berserker on Sept 6, 2018.
             Was an Elder of Trog.
             Killed from afar by a fire dragon (39 damage)
             ... with a blast of flame
             ... on level 9 of the Dungeon.
             The game lasted 00:18:12 (6633 turns).

harcile the Carver (Hill Orc Berserker)             Turns: 6633, Time: 00:18:13

Health: -1/88      AC: 13    Str: 25    XL:     10   Next: 11%
Magic:  10/10      EV: 13    Int:  7    God:    Trog [****..]
Gold:   426        SH:  4    Dex: 11    Spells: 9/9 levels left

rFire    . . .     SeeInvis .   a - +0 falchion
rCold    + . .     Gourm    .   C - +0 buckler
rNeg     + . .     Faith    .   i - +4 ring mail {rC+}
rPois    .         Spirit   .   G - +2 helmet of Sarphu Morin {Str+2 Slay+2}
rElec    .         Reflect  .   F - scarf {repulsion}
rCorr    .         Harm     .   (no gloves)
MR       .....                  (no boots)
Stlth    +.........             (no amulet)
HPRegen  0.24/turn              w - ring of positive energy
MPRegen  0.12/turn              K - ring of flight

@: repel missiles
A: no striking features
a: Berserk, Trog's Hand, Brothers in Arms, Renounce Religion, Evoke Flight


You were on level 9 of the Dungeon.
You worshipped Trog.
Trog was greatly pleased with you.
You were not hungry.

You visited 1 branch of the dungeon, and saw 9 of its levels.
You also visited: Sewer.

You collected 426 gold pieces.

Inventory:

Hand Weapons
 a - a +0 falchion (weapon)
 b - a +4 short sword of venom
 g - a +3 rapier
 t - a +1 short sword of draining
 y - a +2 dagger of venom
 H - a cursed -1 quarterstaff
Missiles
 B - 2 silver javelins (quivered)
Armour
 i - a +4 ring mail of cold resistance (worn)
 C - a +0 buckler (worn)
 D - a +0 pair of gloves
 F - a scarf of repulsion (worn)
 G - the +2 helmet of Sarphu Morin (worn) {Str+2 Slay+2}
   (You found it on level 6 of the Dungeon)

   It affects your strength (+2).
   It affects your accuracy and damage with ranged weapons and melee attacks
   (+2).
Jewellery
 j - an uncursed ring of positive energy
 n - a cursed -2 ring of evasion {unknown}
 o - an uncursed ring of protection from cold
 w - a ring of positive energy (left hand)
 K - a ring of flight (right hand)
Wands
 u - a wand of acid (9)
 v - a wand of enslavement (15)
 J - a wand of paralysis (13)
Scrolls
 d - a scroll of fog
 m - 2 scrolls of remove curse
 p - 3 scrolls of amnesia
 q - 6 scrolls of teleportation
 E - a scroll of enchant weapon {unknown}
Potions
 e - a potion of berserk rage
 f - a potion of resistance
 h - a potion of magic
 k - 5 potions of flight
 l - 8 potions of curing
 r - a potion of lignification
 s - a potion of mutation
 x - 3 potions of agility
 z - 3 potions of heal wounds
 A - a potion of brilliance
 I - 2 potions of haste {unknown}
Comestibles
 c - 17 rations


   Skills:
 + Level 8.1 Fighting
 + Level 10.4 Long Blades
 + Level 7.2 Armour
 + Level 4.8 Dodging
 + Level 1.7 Stealth
 + Level 2.2 Shields


You had 9 spell levels left.
You didn't know any spells.
Your spell library was empty.

Dungeon Overview and Level Annotations

Branches:
Dungeon (9/15)             Temple (0/1) D:7
   Lair: D:8-11         Orc: D:9-12

Altars:
Nemelex Xobeh
Okawaru
Vehumet

Shops:
D:4 =


Message History

The fire dragon moves out of view.
A fire dragon comes into view.
The fire dragon roars deafeningly!
You hear a bellow!
You hear a shout!
A bullfrog comes into view.
A yak and a crimson imp come into view.
The yak bellows!
The crimson imp shouts!
The yak snorts and paws the ground.
A hound skeleton comes into view.
The worker ant bites you but does no damage.
The crimson imp moves out of view.
You see here a robe.
A centaur comes into view.
You see here 9 poisoned needles.
The worker ant misses you. The fire dragon breathes flames at you.
The blast of flame hits you!
Ouch! That really hurt!
The fire dragon breathes flames at you. The blast of flame hits you!
You die...

# ##..a..##
#.#####.#########
#......D.........
###.........#.##
#......(D....###.
##..........#...#
#............###
##........#..#
#......@##..#
#........# .#
#.##(..(## # #.
##.### . ###


You could see 2 fire dragons.

Vanquished Creatures
  A troll (D:9)
  Sigmund (D:5)
  A human (D:7)
  4 hogs (D:7)
  Edmund (D:5)
  Menkaure (D:5)
  A sky beast (D:6)
  A necrophage (D:8)
  4 ogres
  6 centaurs
  4 big kobolds
  2 bullfrogs (D:6)
  3 scorpions
  A quasit (D:8)
  An orc priest (D:3)
  2 hounds
  3 orc wizards
  2 centaur skeletons
  2 iguanas
  4 worker ants
  A hound skeleton (D:4)
  A worker ant zombie (D:8)
  Robin (D:2)
  4 gnolls (D:7)
  13 adders
  4 shadow imps
  2 oozes
  An adder skeleton (D:7)
  A dart slug (D:2)
  3 leopard geckos
  12 orcs
  10 ball pythons
  5 giant cockroaches
  16 goblins
  7 hobgoblins
  10 jackals
  5 quokkas
  10 bats
  6 frilled lizards
  18 kobolds
  2 quokka skeletons
  8 rats
185 creatures vanquished.

Notes
Turn   | Place    | Note
-------+----------+-------------------------------------------
     0 | D:1      | harcile the Hill Orc Berserker began the quest for the Orb.
     0 | D:1      | Reached XP level 1. HP: 19/19 MP: 1/1
   548 | D:1      | Reached XP level 2. HP: 16/27 MP: 2/2
  1000 | D:2      | Reached XP level 3. HP: 33/33 MP: 3/3
  1206 | D:2      | Reached skill level 4 in Long Blades
  1386 | D:2      | Noticed Robin
  1391 | D:2      | Reached ** piety under Trog
  1399 | D:2      | Reached XP level 4. HP: 37/40 MP: 4/4
  1409 | D:2      | Killed Robin
  1629 | D:3      | Reached XP level 5. HP: 47/47 MP: 5/5
  2082 | D:3      | Reached *** piety under Trog
  2413 | D:4      | Reached skill level 5 in Long Blades
  2413 | D:4      | Reached XP level 6. HP: 33/53 MP: 6/6
  2445 | D:4      | Found Muin Pothra's Jewellery Boutique.
  3131 | D:5      | Entered Level 5 of the Dungeon
  3198 | D:5      | Noticed Sigmund
  3205 | D:5      | Killed Sigmund
  3205 | D:5      | Reached skill level 5 in Fighting
  3205 | D:5      | Reached skill level 6 in Long Blades
  3205 | D:5      | Reached XP level 7. HP: 54/61 MP: 7/7
  3322 | D:5      | Reached skill level 5 in Armour
  3342 | D:5      | Noticed Edmund
  3360 | D:5      | Killed Edmund
  3393 | D:5      | Noticed Menkaure
  3413 | D:5      | Killed Menkaure
  3413 | D:5      | Reached skill level 7 in Long Blades
  3413 | D:5      | Reached XP level 8. HP: 17/70 MP: 8/8
  3446 | D:5      | Found an iron altar of Okawaru.
  3596 | D:5      | Reached skill level 1 in Stealth
  3943 | D:6      | Found a glowing drain.
  4006 | Sewer    | Entered a sewer
  4112 | Sewer    | Reached **** piety under Trog
  4192 | Sewer    | Received a gift from Trog
  4516 | D:6      | Reached skill level 8 in Long Blades
  4639 | D:6      | Reached XP level 9. HP: 54/78 MP: 9/9
  4685 | D:6      | Got a jewelled helmet
  4696 | D:6      | Identified the +2 helmet of Sarphu Morin {Str+2 Slay+2}
                  | (You found it on level 6 of the Dungeon)
  5159 | D:7      | Reached skill level 9 in Long Blades
  5423 | D:7      | Reached skill level 1 in Shields
  5518 | D:7      | Found a staircase to the Ecumenical Temple.
  5610 | D:7      | Found a radiant altar of Vehumet.
  5610 | D:7      | Found a sparkling altar of Nemelex Xobeh.
  6261 | D:8      | Reached skill level 10 in Long Blades
  6269 | D:8      | Noticed a death yak
  6269 | D:8      | Noticed a death yak
  6281 | D:8      | Noticed a death yak
  6346 | D:9      | Reached XP level 10. HP: 88/88 MP: 10/10
  6618 | D:9      | Noticed a fire dragon
  6619 | D:9      | Noticed a fire dragon
  6633 | D:9      | Killed from afar by a fire dragon

Skill      XL: |  1  2  3  4  5  6  7  8  9 10 |
---------------+-------------------------------+-----
Fighting       | 4 5 6 7 8 |  8.1
Dodging        | 2 3 4 |  4.8
Long Blades    | 4 5 6 7 8 10 | 10.4
Armour         | 3 4 5 6 7 |  7.2
Stealth        | 1 |  1.7
Shields        | 1 2 |  2.2

Action                   |  1- 3 |  4- 6 |  7- 9 | 10-12 || total
-------------------------+-------+-------+-------+-------++-------
Melee: Falchion          |    94 |   201 |   369 |    25 ||   689
Invok: Berserk           |     1 |     2 |    10 |       ||    13
  Use: Scroll            |       |     6 |    13 |       ||    19
       Potion            |       |       |     1 |       ||     1
  Eat: Chunk             |     2 |     7 |    17 |     2 ||    28
       Ration            |       |       |     1 |       ||     1
Armor: Ring mail         |    44 |   101 |   160 |    10 ||   315
       Leather armour    |     1 |       |       |       ||     1
Dodge: Dodged            |    62 |   119 |   260 |    16 ||   457
       Deflected         |       |       |     9 |       ||     9
Block: Buckler           |       |       |    31 |     5 ||    36
       Rpst.: Falchion   |    14 |    28 |    67 |     1 ||   110
